 Dungeon Crawl Stone Soup version 0.30-a0-242-g7bf8e6d787 (webtiles) character file.

Game seed: 14923739063562469995

2052 Sobieck the Skirmisher (level 9, -3/52 HPs)
             Began as a Deep Elf Hexslinger on Oct 11, 2022.
             Was an Initiate of Hepliaklqana.
             Slain by a hornet (8 damage)
             ... while paralysed by a hornet
             ... on level 7 of the Dungeon.
             The game lasted 00:10:21 (5422 turns).

Sobieck the Skirmisher (Deep Elf Hexslinger)        Turns: 5422, Time: 00:10:22

Health: -3/52      AC:  8    Str:  7    XL:     9   Next: 4%
Magic:  14/14      EV:  2    Int: 19    God:    Hepliaklqana [......]
Gold:   382        SH:  0    Dex: 19    Spells: 8/12 levels left

rFire   . . .      SeeInvis .    a - +1 sling (vorpal)
rCold   . . .      Faith    .    (no shield)
rNeg    . . .      Spirit   .    A - +0 leather armour
rPois   .          Reflect  .    (no helmet)
rElec   .          Harm     .    x - +0 cloak
rCorr   .          Rampage  .    (no gloves)
Will    .....                    (no boots)
Stlth   +.........               (no amulet)
HPRegen 0.28/turn                k - +4 ring of protection
MPRegen 0.14/turn                v - +4 ring of evasion

@: paralysed, lethally poisoned (-3 -> -15), hasted and slowed
A: no striking features
a: Renounce Religion


You were on level 7 of the Dungeon.
You worshipped Hepliaklqana.
Hepliaklqana was noncommittal.
You visited 2 branches of the dungeon, and saw 8 of its levels.

You collected 382 gold pieces.


   Skills:
 + Level 3.8 Fighting
 + Level 12.1 Ranged Weapons
 + Level 5.9 Dodging
 - Level 2.0 Spellcasting
 - Level 6.0 Hexes
 + Level 0.8 Fire Magic


You had 8 spell levels left.
You knew the following spells:

 Your Spells              Type           Power      Damage    Failure   Level
a - Slow                  Hex            96%        N/A       2%          1
b - Inner Flame           Hex/Fire       14%        N/A       19%         3

Your spell library contained the following spells:

 Spells                   Type           Power      Damage    Failure   Level
 Portal Projectile        Hex/Tloc       26%        N/A       22%         3
 Cause Fear               Hex            12%        N/A       22%         4
 Frozen Ramparts          Ice            2%         1d1       58%         3
 Ozocubu's Armour         Ice            1%         N/A       58%         3
 Metabolic Englaciation   Hex/Ice        6%         N/A       90%         5
 Ice Form                 Ice/Tmut       1%         N/A       94%         4
 Summon Ice Beast         Ice/Summ       1%         N/A       94%         4
 Simulacrum               Ice/Necr       0%         N/A       100%        6

Inventory:

Hand Weapons
 a - a +1 vorpal sling (weapon)
 h - a +3 dagger {short}
   (You took it off a kobold on level 1 of the Dungeon)
 D - a +0 shortbow {bow}
   (You took it off a centaur on level 5 of the Dungeon)
Missiles
 g - 77 stones {throwing}
 l - 5 silver javelins {throwing}
 r - 19 poisoned darts {throwing}
 y - 6 atropa-tipped darts {throwing}
 N - 2 boomerangs {throwing}
Armour
 c - a +0 robe
 e - a +0 robe
   (You found it on level 1 of the Dungeon)
 m - a +0 robe of fire resistance
   (You found it on level 4 of the Dungeon)
 n - a +0 scale mail
   (You found it on level 2 of the Dungeon)
 w - a +0 robe
   (You found it on level 3 of the Dungeon)
 x - a +0 cloak (worn)
   (You found it on level 3 of the Dungeon)
 A - a +0 leather armour (worn)
   (You found it on level 4 of the Dungeon)
 B - a +0 robe
   (You found it on level 5 of the Dungeon)
 G - a +0 ring mail
   (You found it on level 5 of the Dungeon)
 H - a +0 helmet
   (You found it on level 5 of the Dungeon)
 L - a +0 leather armour
   (You took it off a gnoll bouda on level 6 of the Dungeon)
 O - a +0 leather armour
   (You took it off an orc on level 7 of the Dungeon)
 Q - a +0 leather armour
   (You found it on level 7 of the Dungeon)
Jewellery
 f - a ring of protection from cold
   (You found it on level 1 of the Dungeon)
 k - a +4 ring of protection (left hand)
   (You found it on level 4 of the Dungeon)
 p - a ring of protection from fire
   (You found it on level 4 of the Dungeon)
 q - a ring of positive energy
   (You found it on level 2 of the Dungeon)
 v - a +4 ring of evasion (right hand)
   (You found it on level 3 of the Dungeon)
Wands
 j - a wand of digging (9)
   (You found it on level 4 of the Dungeon)
 E - a wand of mindburst (10)
   (You found it on level 5 of the Dungeon)
 F - a wand of roots (14)
   (You found it on level 5 of the Dungeon)
 K - a wand of paralysis (10)
   (You found it on level 6 of the Dungeon)
Scrolls
 b - 3 scrolls of poison {!r}
 u - 2 scrolls of butterflies
 I - a scroll of teleportation {@r4}
 J - 5 scrolls of identify {@r1}
 M - a scroll of fear {unknown}
Potions
 d - 2 potions of mutation {!q}
 i - a potion of degeneration {!q@e2}
 o - 2 potions of lignification {!q}
 s - a potion of cancellation
 t - 2 potions of heal wounds {@q2}
 z - 2 potions of haste {@q3}
 C - a potion of attraction {!q}
 P - 2 potions of curing {@q1}

Dungeon Overview and Level Annotations

Branches:
Dungeon (7/15) Zot: 26419  Temple (1/1) D:5 Zot: 5910

Altars:
Ashenzari
Cheibriados
Dithmenos
Elyvilon
Fedhas
Gozag
Hepliaklqana
Makhleb
Nemelex Xobeh
Okawaru
Qazlal
Trog
Uskayaw
Vehumet
Wu Jian
Xom
Yredelemnul
Zin
The Shining One

Annotations:
D:7 3 runed translucent doors, KennySheep's ghost, novice DgTm

#.############.#......#KK#K#..#
#.....................#♣K#K#.♣#
############.....#...##..#.#..
##...##...###.....## #.......##
##)$. ##.###### ## #.# #.# #@#
#y# #........# #.####.#....
..#..### ..# .# .... .. .... #.
..... ##


You could see a hornet.


Message History

You are no longer poisoned.
You start resting.
Unknown command.
Unknown command.
You see here a water moccasin corpse.
The kobold brigand shouts! x2; You hear a shout!
KennySheep's ghost turns its malevolent gaze towards you.
The kobold brigand shouts!
You hear a shout! x2
The kobold brigand shouts!
The kobold brigand shouts!
Found a stone staircase leading up.
Unknown command.
You now have 382 gold pieces (gained 14).
You open the door.
There is an open door here.
g - 77 stones {throwing} (gained 3)
You open the door.
There is an open door here.
An iguana comes into view.
Danger!
You shoot a sling bullet. The iguana hisses angrily.
The sling bullet hits the iguana.
You shoot a sling bullet.
The sling bullet closely misses the iguana.
You shoot a sling bullet.
The sling bullet closely misses the iguana.
You shoot a sling bullet. The sling bullet hits the iguana.
The iguana bites you!
You shoot a sling bullet. The sling bullet hits the iguana!
You kill the iguana!
No target in view!
Unknown command.
You see here an iguana corpse.
P - 2 potions of curing {@q1} Unknown command.
Q - a +0 leather armour
Found a stone staircase leading down.
Unknown command.
You see here a +0 sling.
A hornet comes into view.
You see here a +0 quarterstaff {staff}.
Danger!
You shoot a sling bullet. The sling bullet hits the hornet.
The hornet buzzes angrily.
You shoot a sling bullet. The sling bullet hits the hornet.
Unknown command.
Okay, then.
Unknown command.
You feel yourself speed up. The hornet misses you.
Unknown command.
The hornet barely misses you.
Unknown command.
You shoot a sling bullet.
The sling bullet closely misses the hornet.
The hornet stings you!
You are poisoned.
You feel yourself slow down.
You are too injured to fight recklessly!
You are too injured to fight recklessly!
Unknown command.
Okay, then.
Fire: a) +1 sling (vorpal)
Press: ? - help, Q - select action, (/) - cycle Shift-Dir - straight line, f/p - hornet
Aim: a hornet (lightly wounded, 55% to hit)
You shoot a sling bullet.
The sling bullet barely misses the hornet.
You feel very sick. The hornet stings you.
You feel as though you will be slow longer.
Fire: a) +1 sling (vorpal)
Press: ? - help, Q - select action, (/) - cycle Shift-Dir - straight line, f/p - hornet
Aim: a hornet (lightly wounded, 55% to hit)
You shoot a sling bullet. The sling bullet hits the hornet.
You feel sick. The hornet completely misses you. The hornet stings you!
* * * LOW HITPOINT WARNING * * *
You feel as though you will be slow longer.
Fire: a) +1 sling (vorpal)
Press: ? - help, Q - select action, (/) - cycle Shift-Dir - straight line, f/p - hornet
Aim: a hornet (moderately wounded, 55% to hit)
You shoot a sling bullet. The sling bullet misses the hornet.
You feel sick. The hornet misses you.
Fire: a) +1 sling (vorpal)
Press: ? - help, Q - select action, (/) - cycle Shift-Dir - straight line, f/p - hornet
Aim: a hornet (moderately wounded, 55% to hit)
You shoot a sling bullet. The sling bullet misses the hornet.
You feel sick. The hornet closely misses you.
Fire: a) +1 sling (vorpal)
Press: ? - help, Q - select action, (/) - cycle Shift-Dir - straight line, f/p - hornet
Aim: a hornet (moderately wounded, 55% to hit)
You shoot a sling bullet.
The sling bullet barely misses the hornet.
You feel sick. The hornet stings you!
* * * LOW HITPOINT WARNING * * *
You are lethally poisoned!
You suddenly lose the ability to move!
* * * LOW HITPOINT WARNING * * *
You feel very sick. The hornet stings you!
You die...

Skill      XL: |  1  2  3  4  5  6  7  8 |
---------------+-------------------------+-----
Ranged Weapons | 3 4 5 7 8 10 11 12 | 12.1
Fighting       | 1 3 |  3.8
Spellcasting   | 2 |  2.0
Dodging        | 3 5 |  5.9
Hexes          | 5 6 |  6.0
Fire Magic     | |  0.8

Action                   |  1- 3 |  4- 6 |  7- 9 || total
-------------------------+-------+-------+-------++-------
 Fire: Sling             |   145 |   131 |   210 ||   486
  Use: Scroll            |       |    12 |     1 ||    13
       Potion            |       |       |     2 ||     2
Armor: Robe              |    14 |     1 |       ||    15
       Leather armour    |       |    11 |    36 ||    47
Dodge: Dodged            |    49 |    45 |    84 ||   178

Levels and vault maps discovered:
D:1:      lemuel_arrival_funnel, layout_loops_ring
D:2:      layout_rooms
D:3:      layout_rooms, lemuel_crystal_altar, okawaru_ov_weapons_minmay,
          nicolae_elyvilon_temple_path, cheibrodos_ashenzari_chains,
          hangedman_glass_teeth, kennysheep_generic_room_13
D:4:      layout_basic, fedhas_altar_fruit_tree
D:5:      layout_loops_corners, nzn_wu_jian_contemplation,
          minmay_temple_entry_large_hall
D:6:      layout_loops_ring, kennysheep_mini, slow_altar_2,
          nemelex_diamond_rough_becter
D:7:      layout_loops_corners, mainiacjoe_overflow_24_doors, zin_academy,
          gammafunk_ghost_nasty_kobolds
Temple:   nicolae_temple_colour_theory

Notes
Turn   | Place    | Note
-------+----------+-------------------------------------------
     0 | D:1      | Sobieck the Deep Elf Hexslinger began the quest for the
                  | Orb.
     0 | D:1      | Reached XP level 1. HP: 11/11 MP: 5/5
    77 | D:1      | Reached skill level 3 in Ranged Weapons
   164 | D:1      | Reached XP level 2. HP: 16/16 MP: 6/6
   228 | D:1      | Reached skill level 4 in Ranged Weapons
   685 | D:1      | Reached XP level 3. HP: 20/20 MP: 7/7
   898 | D:2      | Reached skill level 5 in Ranged Weapons
   899 | D:2      | HP: 5/20 [poisoned by an adder]
  1260 | D:2      | You pick up a book of Rime and begin reading...
  1260 | D:2      | You add the spells Frozen Ramparts, Ice Form and Summon Ice
                  | Beast to your library.
  1465 | D:3      | Found an iron altar of Okawaru.
  1541 | D:3      | Found a broken altar of Ashenzari.
  1570 | D:3      | Reached XP level 4. HP: 18/24 MP: 8/8
  1646 | D:3      | Reached skill level 6 in Ranged Weapons
  1706 | D:3      | Found a glowing golden altar of the Shining One.
  1729 | D:3      | You pick up a book of Winter and begin reading...
  1729 | D:3      | You add the spells Ozocubu's Armour, Metabolic Englaciation
                  | and Simulacrum to your library.
  1932 | D:3      | Found a white marble altar of Elyvilon.
  2133 | D:4      | Reached skill level 7 in Ranged Weapons
  2133 | D:4      | Reached XP level 5. HP: 11/28 MP: 9/9
  2239 | D:4      | Found a blossoming altar of Fedhas.
  2296 | D:4      | Noticed an ogre
  2302 | D:4      | Killed an ogre
  2303 | D:4      | Reached skill level 8 in Ranged Weapons
  2357 | D:4      | Reached XP level 6. HP: 33/33 MP: 10/10
  2436 | D:4      | Reached skill level 9 in Ranged Weapons
  2693 | D:5      | Entered Level 5 of the Dungeon
  2715 | D:5      | Reached skill level 10 in Ranged Weapons
  2732 | D:5      | Found an ornate altar of the Wu Jian Council.
  2775 | D:5      | Reached XP level 7. HP: 37/37 MP: 11/11
  3019 | D:5      | Reached skill level 11 in Ranged Weapons
  3019 | D:5      | Reached skill level 1 in Fighting
  3152 | D:5      | Reached skill level 2 in Spellcasting
  3169 | D:5      | Reached skill level 3 in Dodging
  3280 | D:5      | Found a staircase to the Ecumenical Temple.
  3296 | Temple   | Entered the Ecumenical Temple
  3862 | D:6      | Reached skill level 5 in Hexes
  3862 | D:6      | Reached XP level 8. HP: 34/44 MP: 13/13
  3926 | D:6      | Reached skill level 2 in Fighting
  4006 | D:6      | Reached skill level 4 in Dodging
  4264 | D:6      | Reached skill level 3 in Fighting
  4264 | D:6      | Reached skill level 6 in Hexes
  4280 | D:6      | Reached skill level 5 in Dodging
  4337 | D:6      | Found a sparkling altar of Nemelex Xobeh.
  4379 | D:6      | Reached skill level 12 in Ranged Weapons
  4682 | D:6      | Found a snail-covered altar of Cheibriados.
  4740 | D:6      | Found a hide-covered altar of Uskayaw.
  4956 | D:7      | Found a hazy altar of Hepliaklqana.
  4960 | D:7      | Became a worshipper of Hepliaklqana the Forgotten
  5014 | D:7      | Found a glowing silver altar of Zin.
  5046 | D:7      | Learned a level 3 spell: Inner Flame
  5136 | D:7      | Reached XP level 9. HP: 41/52 MP: 14/14
  5226 | D:7      | Found a runed translucent gate.
  5227 | D:7      | Found a runed translucent gate.
  5227 | D:7      | Found a runed translucent gate.
  5239 | D:7      | Noticed KennySheep's ghost (novice DgTm)
  5240 | D:7      | Noticed a kobold demonologist
  5421 | D:7      | HP: 8/52 [hornet (14)]
  5421 | D:7      | Paralysed by a hornet for 1 turns
  5422 | D:7      | Slain by a hornet

Vanquished Creatures
  3 water moccasins
  2 ice beasts (D:6)
  A sky beast (D:5)
  3 ogres
  2 black bears
  3 centaurs
  A kobold brigand (D:5)
  A bullfrog (D:6)
  2 necrophages
  A scorpion (D:6)
  A jelly (D:5)
  4 hounds
  A gnoll bouda (D:6)
  3 iguanas
  An iron imp (D:6)
  3 gnolls (D:6)
  7 adders
  A white imp (D:6)
  An ufetubus (D:6)
  2 dart slugs
  6 orcs
  5 endoplasms
  6 giant cockroaches
  7 hobgoblins
  4 jackals (D:3)
  12 kobolds
  5 quokkas
  8 ball pythons
  8 bats
  3 frilled lizards
  4 goblins
  6 rats
117 creatures vanquished.

Vanquished Creatures (others)
  4 fungi (D:7)
4 creatures vanquished.

Grand Total: 121 creatures vanquished

Table legend:
 A = Non-vault XP
 B = Vault XP
 C = Vault XP percentage of total XP
 D = Non-vault monster count
 E = Vault monster count
 F = Vault count percentage of total count
                 A         B        C        D         E       F
            +---------+---------+-------+---------+---------+-------
      Total |    2889 |      43 |   1.5 |     114 |       3 |   2.6
            +---------+---------+-------+---------+---------+-------
        D:1 |      43 |       0 |   0.0 |      25 |       0 |   0.0
        D:2 |      30 |       0 |   0.0 |      13 |       0 |   0.0
        D:3 |      66 |       4 |   5.7 |      17 |       2 |  10.5
        D:4 |     487 |       0 |   0.0 |      19 |       0 |   0.0
        D:5 |     761 |       0 |   0.0 |      16 |       0 |   0.0
        D:6 |    1172 |      39 |   3.2 |      17 |       1 |   5.6
        D:7 |     330 |       0 |   0.0 |       7 |       0 |   0.0
            +---------+---------+-------+---------+---------+-------

Illustrated notes

Table legend:
 A = Kills in this place as a percentage of kills in entire the game.
 B = Kills by you in this place as a percentage of kills by you in the entire game.
 C = Kills by friends in this place as a percentage of kills by friends in the entire game.
 D = Other kills in this place as a percentage of other kills in the entire game.
 E = Experience gained in this place as a percentage of experience gained in the entire game.
 F = Experience gained in this place divided by the number of levels of this place that you have seen.
                   A       B       C       D       E      F
               +-------+-------+-------+-------+-------+----------------------
         Total | 100.0 | 100.0 |   N/A |   N/A | 100.0 | 366.5
       Dungeon | 100.0 | 100.0 |   N/A |   N/A | 100.0 | 418.9
               +-------+-------+-------+-------+-------+----------------------

Table legend: (Time is in decaauts)
 A = Elapsed time spent in this place.
 B = Non-inter-level travel time spent in this place.
 C = Inter-level travel time spent in this place.
 D = Time resting spent in this place.
 E = Time spent auto-exploring this place.
 F = Levels seen in this place.
 G = Mean time per level.
                   A        B        C        D        E       F      G
               +--------+--------+--------+--------+--------+-----+--------+
         Total |   5417 |   5216 |    201 |    289 |   4113 |   8 |  677.1 |
       Dungeon |   5328 |   5139 |    189 |    289 |   4040 |   7 |  761.1 |
        Temple |     89 |     77 |     12 |      0 |     73 |   1 |   89.0 |
               +--------+--------+--------+--------+--------+-----+--------+

Top non-repeatable levels by time:
     D:5: 1042 daAuts
     D:6: 1027 daAuts
     D:1: 796 daAuts
     D:3: 671 daAuts
     D:2: 630 daAuts
     D:4: 620 daAuts
     D:7: 539 daAuts
  Temple: 89 daAuts
